[Event "*** Titled Tuesday 3|2 Blitz (Early)"]
[Site "Chess.com"]
[Date "2017.01.03"]
[Round "4"]
[White "LonesomeGeorge1"]
[Black "ABDELAZEEZ-M"]
[Result "1-0"]
[WhiteElo "2178"]
[BlackElo "2028"]
[TimeControl "180+2"]
[EndTime "11:46:58 PST"]
[Termination "LonesomeGeorge1 won by resignation"]

1. d4 Nf6 2. Bf4 d6 3. Nc3 g6 4. e4 Bg7 5. Qd2 h6 6. O-O-O c6 7. h4 Nbd7 8. e5 Nh5 9. Bh2 d5 10. g4 Nhf6 11. exf6 Nxf6 12. f3 Be6 13. Be5 Qd7 14.
Nh3 O-O-O 15. Na4 Ne8 16. Nc5 Bxe5 17. Nxd7 Rxd7 18. dxe5 Nc7 19. Nf4 Kb8 20. Nxe6 Nxe6 21. f4 Rc8 22. Bc4 Rcd8 23. Bd3 Nc5 24. h5 Nxd3+ 25.
Qxd3 1-0

[Event "*** Titled Tuesday 3|2 Blitz (Early)"]
[Site "Chess.com"]
[Date "2017.01.03"]
[Round "4"]
[White "superjem123"]
[Black "lionheart95"]
[Result "0-1"]
[WhiteElo "2455"]
[BlackElo "2420"]
[TimeControl "180+2"]
[EndTime "11:47:05 PST"]
[Termination "lionheart95 won by resignation"]

1. c4 Nf6 2. g3 g6 3. Bg2 Bg7 4.
Nc3 O-O 5. e3 d6 6. Nge2 e5 7.
O-O Re8 8. d4 e4 9. h3 h5 10.
Qc2 Bf5 11. Nf4 Nbd7 12. b4 Nf8 13. a4 N8h7 14. h4 Qd7 15. a5 g5 16. hxg5 Nxg5 17. Ncd5 Nf3+ 18. Bxf3 exf3 19. Nxf6+ Bxf6 20. Nxh5 Bg5 21.
e4 Bxe4 22. Bxg5 Qh3 23. Nf4 Qxf1+ 24. Kxf1 Bxc2 25. Ra3 Re4 26. Bf6 Rae8 27. Ra1 Bb3 28. c5 Bc4+ 29. Kg1 Re1+ 30. Rxe1 Rxe1+ 31. Kh2 Rf1 32. Nh3 Be6 33. g4 Bxg4 34. Ng5 Rxf2+ 35. Kg3 Rg2+ 0-1

[Event "*** Titled Tuesday 3|2 Blitz (Early)"]
[Site "Chess.com"]
[Date "2017.01.03"]
[Round "4"]
[White "162a54f5d"]
[Black "poummba"]
[Result "0-1"]
[WhiteElo "2381"]
[BlackElo "2421"]
[TimeControl "180+2"]
[EndTime "11:47:12 PST"]
[Termination "poummba won by resignation"]

1. d4 g6 2. Nf3 Bg7 3. g3 d6 4.
Bg2 Nf6 5. O-O O-O 6. b3 c5 7.
Bb2 cxd4 8. Nxd4 d5 9. c4 e5 10. Nf3 e4 11. Nd4 dxc4 12. bxc4 Nc6 13. Nxc6 bxc6 14. Qa4 Bg4 15. Nc3 Rb8 16. Rad1 Qb6 17. Ba3 Rfe8 18. Bd6 Rbd8 19. c5 Qb2 20. Qb3 Qxb3 21.
axb3 Bf8 22. h3 Be6 23. Bxf8 Kxf8 24. Rxd8 Rxd8 25. Nxe4 Nxe4 26. Bxe4 Bxb3 27. Bxc6 Rc8 28. Rb1 Be6 29. Bg2 Rxc5 30. Rb8+ Kg7 31. Ra8 a5 32. f4 Bb3 33. Kf2 a4 34. h4 Rc2 35. Be4 Ra2 36. Bd3 Ra1 37. Ke3 a3 38. Kf2 a2 39.
Ra5 Rc1 0-1

[Event "*** Titled Tuesday 3|2 Blitz (Early)"]
[Site "Chess.com"]
[Date "2017.01.03"]
[Round "4"]
[White "amurdercastle"]
[Black "Rating-Schmating"]
[Result "0-1"]
[WhiteElo "2379"]
[BlackElo "2284"]
[TimeControl "180+2"]
[EndTime "11:47:20 PST"]
[Termination "Rating-Schmating won by checkmate"]

1. d4 Nf6 2. c4 e6 3. Nf3 Bb4+ 4.
Bd2 Qe7 5. g3 b6 6. Bg2 Bb7 7.
O-O Bxd2 8. Nbxd2 d6 9. Qc2 O-O 10. e4 e5 11. d5 a5 12. b3 Na6 13. a3 Nc5 14. b4 axb4 15. axb4 Na6 16. Qb3 Nd7 17.
Ne1 f5 18. exf5 Rxf5 19. Nd3 Rff8 20. Rae1 Nf6 21. f4 Nd7 22. fxe5 Rxf1+ 23. Bxf1 Nxe5 24. Nxe5 dxe5 25. Bh3 Qxb4 26. Be6+ Kh8 27. Qxb4 Nxb4 28. Rxe5 Ra1+ 29. Kg2 g6 30. Kh3 Nd3 31. Re3 Nc5 32. Nb3 Nxb3 33. Rxb3 Rc1 34. d6 cxd6 35. Rxb6 Be4 36.
Rxd6 Kg7 37. Rd7+ Kf6 38. Rd6 Ke5 39. Ra6 h5 40. Kh4 Rc2 41. h3 Rc3 42. g4 hxg4 43. hxg4 Kf4 44. Bf7 g5+ 45. Kh5 Rh3# 0-1

[Event "*** Titled Tuesday 3|2 Blitz (Early)"]
[Site "Chess.com"]
[Date "2017.01.03"]
[Round "4"]
[White "GMNeiksans"]
[Black "AdamHunt1"]
[Result "1-0"]
[WhiteElo "2635"]
[BlackElo "2354"]
[TimeControl "180+2"]
[EndTime "11:47:23 PST"]
[Termination "GMNeiksans won by resignation"]

1. e4 c5 2. Nf3 d6 3. Bb5+ Bd7 4.
c4 Nc6 5. d4 cxd4 6. Nxd4 Nf6 7. Nc3 a6 8. Bxc6 bxc6 9. c5 Qa5 10. Nb3 Qc7 11. cxd6 exd6 12. Bf4 Bg4 13. f3 Be6 14. Nd4 Be7 15. Qd2 O-O 16. O-O Rab8 17. Kh1 Nd7 18. Rac1 Ne5 19. Nd5 Bxd5 20. exd5 c5 21. b4 Bf6 22.
bxc5 dxc5 23. Nc6 Rbe8 24. Rxc5 Qb6 25. Rcc1 Ng6 26. Bd6 h5 27. Bxf8 Nxf8 28. Rfe1 Ra8 29. d6 Nd7 30. Ne7+ Kh7 31. Qd5 1-0

[Event "*** Titled Tuesday 3|2 Blitz (Early)"]
[Site "Chess.com"]
[Date "2017.01.03"]
[Round "4"]
[White "Imre91"]
[Black "petrpalachev"]
[Result "1-0"]
[WhiteElo "2676"]
[BlackElo "2412"]
[TimeControl "180+2"]
[EndTime "11:47:29 PST"]
[Termination "Imre91 won by resignation"]

1. d4 Nf6 2. c4 e6 3. Nc3 Bb4 4. e3 O-O 5. Ne2 Re8 6. a3 Bf8 7. Nf4 a5 8. Bd3 d6 9. O-O e5 10. Nfe2 g6 11. d5 Na6 12. e4 Nc5 13.
Bc2 Bd7 14. b3 Bg7 15. f3 b6 16. Be3 Rf8 17. b4 Nb7 18. Qd2 Nh5 19. g4 Nf4 20.
Nxf4 exf4 21. Bxf4 axb4 22. axb4 Rxa1 23. Rxa1 Qf6 24.
Ra3 g5 25. Bxg5 Qxf3 26. Bd1 Bxc3 27. Bxf3 Bxd2 28. Bxd2 b5 29. Ra7 Rb8 30. c5 dxc5 31. bxc5 Nxc5 32. Rxc7 Rc8 33. Rxc8+ Bxc8 34. Kf2 Nd3+ 35.
Ke3 Ne5 36. Be2 Nxg4+ 37. Kf4 Nf6 38. Bxb5 Bd7 39. Bd3 Ng4 40. Be2 Nf6 41. Ba5 Kf8 42. Bd8 Kg7 43. Ke5 Ng4+ 44. Kd6 Bc8 45. Kc7 Bf5 46.
exf5 Nxh2 1-0

[Event "*** Titled Tuesday 3|2 Blitz (Early)"]
[Site "Chess.com"]
[Date "2017.01.03"]
[Round "4"]
[White "PelinGorki"]
[Black "Lupul_Cenusiu"]
[Result "1-0"]
[WhiteElo "2378"]
[BlackElo "2456"]
[TimeControl "180+2"]
[EndTime "11:47:34 PST"]
[Termination "PelinGorki won by resignation"]

1. e4 c5 2. Nf3 e6 3. d4 cxd4 4.
Nxd4 a6 5. Bd3 Bc5 6. Nb3 Be7 7.
Qe2 d6 8. c4 Nf6 9. O-O O-O 10.
Nc3 Nbd7 11. f4 Re8 12. g4 Nc5 13. Nxc5 dxc5 14. g5 Nd7 15. e5 Nf8 16. Be3 b6 17. Be4 Ra7 18. Rad1 Qc7 19. h4 Bb7 20. h5 Rd8 21.
Rxd8 Qxd8 22. Rd1 Qc8 23. h6 g6 24. Qd3 Bc6 25. Bxc6 Qxc6 26. Qe4 Qc8 27. b3 Rd7 28. Rxd7 Qxd7 29. Kf2 Qc8 30. Qd3 Nd7 31. Ne4 Qc6 32. a3 Kf8 33. Bd2 Ke8 34. b4 b5 35.
cxb5 axb5 36. Qf3 Kd8 37. bxc5 Bxc5+ 38. Kg3 Qd5 39. Ba5+ Ke7 40. Nxc5 Qd4 41. Nxd7 Qg1+ 42. Kh3 Qc1 43. Nf6 Qc8 44. Bb4+ Kd8 45. Qd3+ Kc7 46. Qc3+ Kb6 47. Qxc8 1-0

[Event "*** Titled Tuesday 3|2 Blitz (Early)"]
[Site "Chess.com"]
[Date "2017.01.03"]
[Round "4"]
[White "aspired"]
[Black "boredoldman"]
[Result "0-1"]
[WhiteElo "2386"]
[BlackElo "2504"]
[TimeControl "180+2"]
[EndTime "11:47:35 PST"]
[Termination "boredoldman won by resignation"]

1. e4 c5 2. Nf3 d6 3. Bb5+ Bd7 4. c4 Nc6 5. Nc3 e5 6. a3 Nf6 7. d3 Be7 8. O-O O-O 9. Rb1 a6 10.
Bxc6 Bxc6 11. b4 cxb4 12. axb4 b5 13. Bg5 h6 14. Bxf6 Bxf6 15. Nd5 a5 16. bxa5 Bxd5 17. cxd5 Qxa5 18. Ne1 Rfb8 19. Nc2 b4 20. Rb3 Qa4 21. Qb1 Bg5 22. Rd1 Rc8 23. g3 Rc3 24. Rb2 b3 25. Ne1 Rac8 26. Qa1 Qxa1 27. Rxa1 Rc1 28. Rxc1 Rxc1 29.
Kf1 Rc3 30. Ke2 Bc1 31. Rb1 b2 32. h4 Kf8 33. Nf3 Rc2+ 34. Ke1 Be3 35. Rxb2 Bxf2+ 0-1

[Event "*** Titled Tuesday 3|2 Blitz (Early)"]
[Site "Chess.com"]
[Date "2017.01.03"]
[Round "4"]
[White "mwpchess"]
[Black "Feegus"]
[Result "1-0"]
[WhiteElo "2448"]
[BlackElo "2311"]
[TimeControl "180+2"]
[EndTime "11:47:36 PST"]
[Termination "mwpchess won by resignation"]

1. c4 Nf6 2. g3 g6 3. Bg2 Bg7 4. Nc3 O-O 5. d3 c5 6. Rb1 Nc6 7. a3 a5 8. e3 e6 9. Nge2 d5 10. O-O d4 11. exd4 cxd4 12. Nb5 e5 13. b4 Bf5 14. Bg5 Qd7 15. Bxf6 Bxf6 16. c5 Nxb4 17. Nd6 Nxd3 18. Rxb7 Qe6 19. Nxf5 Qxf5 20. g4 Nxf2 21. gxf5 Nxd1 22. fxg6 fxg6 23. Rxd1 Rad8 24. Nc1 Bg5 25. Nd3 Be3+ 26. Kh1 Rde8 27. c6 e4 28. Nc5 d3 29. Nxe4 d2 30. h3 Bf4 31.
Nxd2 Rd8 32. Rd7 Rde8 33. Ne4 1-0

[Event "*** Titled Tuesday 3|2 Blitz (Early)"]
[Site "Chess.com"]
[Date "2017.01.03"]
[Round "4"]
[White "RobertoJBM"]
[Black "capatl"]
[Result "1-0"]
[WhiteElo "2482"]
[BlackElo "2342"]
[TimeControl "180+2"]
[EndTime "11:47:52 PST"]
[Termination "RobertoJBM won by resignation"]

1. d4 d5 2. Nf3 e6 3. e3 Nf6 4.
Bd3 Be7 5. O-O O-O 6. b3 b6 7.
Bb2 Bb7 8. Nbd2 Nbd7 9. Qe2 c5 10.
Ne5 Nxe5 11. dxe5 Nd7 12. f4 Qc7 13. c4 f5 14. exf6 Bxf6 15. Bxf6 Nxf6 16. e4 d4 17. e5 Nd7 18. Qh5 g6 19. Bxg6 hxg6 20. Qxg6+ Kh8 21. Qh6+ Kg8 22. Qxe6+ Rf7 23. Rae1 Rf8 24.
Ne4 Qc6 25. Qxc6 Bxc6 26. e6 Re7 27. f5 Nf6 28. Nxf6+ Rxf6 29. g4 Rg7 30. h3 Kf8 31. Kh2 Ke7 32. Kg3 Rh6 33. h4 Rgh7 34. h5 Rg7 35. Kf4 Rh8 36. Rg1 Rf8 37. g5 Kd6 38. f6 Rh7 39. h6 1-0

[Event "*** Titled Tuesday 3|2 Blitz (Early)"]
[Site "Chess.com"]
[Date "2017.01.03"]
[Round "4"]
[White "stefanodinn"]
[Black "rst2003"]
[Result "0-1"]
[WhiteElo "2222"]
[BlackElo "2121"]
[TimeControl "180+2"]
[EndTime "11:48:01 PST"]
[Termination "rst2003 won on time"]

1. e4 c5 2. Nf3 d6 3. d4 cxd4 4. Nxd4 Nf6 5. f3 g6 6. c4 Bg7 7. Nc3 Nc6 8. Nc2 O-O 9. Be2 Bd7 10.
O-O a5 11. Be3 a4 12. Qd2 Qa5 13. Rab1 Rfc8 14. b4 axb3 15. axb3 Ng4 16. b4 Qe5 17. fxg4 Qxc3 18. Qxc3 Bxc3 19. Rb3 Bg7 20. h3 Ra2 21. Rc1 Ne5 22. Ra3 Rxa3 23. Nxa3 Ra8 24. Nc2 Ra2 25. Kf1 Be6 26. Nd4 Bd7 27. Rc2 Rxc2 28.
Nxc2 Bc6 0-1

[Event "*** Titled Tuesday 3|2 Blitz (Early)"]
[Site "Chess.com"]
[Date "2017.01.03"]
[Round "4"]
[White "FlySooHigh"]
[Black "andretta"]
[Result "0-1"]
[WhiteElo "2459"]
[BlackElo "2453"]
[TimeControl "180+2"]
[EndTime "11:48:08 PST"]
[Termination "andretta won by checkmate"]

1. e4 c5 2. Nf3 d6 3. Nc3 Nf6 4.
e5 dxe5 5. Nxe5 e6 6. Be2 Nbd7 7. d4 cxd4 8. Qxd4 Bc5 9. Qa4 O-O 10. Bf4 Nd5 11.
Nxd5 exd5 12. O-O Nxe5 13. Bxe5 Qe7 14. Bxg7 Kxg7 15. Bd3 f5 16. Rae1 Qf6 17. c3 f4 18.
Kh1 f3 19. g3 Qh6 20. Qb5 Qh3 21. Rg1 Rf6 22. Qxc5 Qxh2+ 23. Kxh2 Rh6# 0-1

[Event "*** Titled Tuesday 3|2 Blitz (Early)"]
[Site "Chess.com"]
[Date "2017.01.03"]
[Round "4"]
[White "Fablibi"]
[Black "rubhani"]
[Result "0-1"]
[WhiteElo "2480"]
[BlackElo "2412"]
[TimeControl "180+2"]
[EndTime "11:48:09 PST"]
[Termination "rubhani won by resignation"]

1. e4 c6 2. Ne2 d5 3. e5 d4 4. b4 c5 5. bxc5 Nc6 6. f4 Bg4 7. h3 Bxe2 8. Qxe2 e6 9. Qb5 Qh4+ 10.
Kd1 O-O-O 11. d3 Nge7 12. Na3 Nd5 13. Bd2 Nc3+ 14. Bxc3 dxc3 15. Rb1 Rd7 16. Qc4 Qf2 17. Qxc3 Bxc5 18. Be2 Qxg2 19. Rf1 Bxa3 20. Qxa3 Kb8 21. Re1 Nd4 22. Qa4 Rhd8 23. Rb4 Nxe2 24. Rxe2 Rxd3+ 0-1

[Event "*** Titled Tuesday 3|2 Blitz (Early)"]
[Site "Chess.com"]
[Date "2017.01.03"]
[Round "4"]
[White "Dlugy"]
[Black "jb2mix"]
[Result "1-0"]
[WhiteElo "2665"]
[BlackElo "2419"]
[TimeControl "180+2"]
[EndTime "11:48:14 PST"]
[Termination "Dlugy won on time"]

1. d4 Nf6 2. Bf4 g6 3. Nc3 d5 4. Qd2 Bg7 5. Bh6 O-O 6. Bxg7 Kxg7 7. O-O-O c6 8. f3 b5 9. e4 b4 10. e5 bxc3 11. exf6+ exf6 12. Qxc3 Ba6 13. h4 Bxf1 14. Rxf1 h5 15. g4 Rh8 16. Ne2 Qd6 17.
Kb1 Nd7 18. gxh5 Rxh5 19. Rfg1 Rah8 20. Ng3 Nf8 21. Nxh5+ Rxh5 22. Qd2 Ne6 23. c3 Nf4 24. Qh2 Rf5 25. Rg4 Qc7 26. a3 a5 27. Ka2 a4 28.
Qc2 Qc8 29. Qxa4 Nh5 30. Qd1 c5 31. dxc5 Qxc5 32. Qd4 Qc6 33. Rd1 Qe6 34. c4 dxc4 35. Qxc4 Qe3 36. Rd7 1-0

[Event "*** Titled Tuesday 3|2 Blitz (Early)"]
[Site "Chess.com"]
[Date "2017.01.03"]
[Round "4"]
[White "NewBornNow"]
[Black "Mazetovic"]
[Result "1-0"]
[WhiteElo "2572"]
[BlackElo "2442"]
[TimeControl "180+2"]
[EndTime "11:48:18 PST"]
[Termination "NewBornNow won by resignation"]

1. d4 Nf6 2. c4 g6 3. Nc3 Bg7 4.
e4 O-O 5. Nge2 d6 6. Ng3 c6 7.
Be2 a6 8. Be3 b5 9. f4 e5 10.
O-O exd4 11. Bxd4 b4 12. Na4 c5 13. Be3 Nc6 14. e5 dxe5 15. fxe5 Nxe5 16. Bxc5 Qxd1 17. Raxd1 Re8 18. Bxb4 h5 19. Bd6 h4 20. Nb6 Bg4 21. Nxa8 hxg3 22. Bxe5 Bxe2 23. Bxf6 Bxf6 24. Rfe1 gxh2+ 25. Kh1 Bh4 26. Nc7 Bxe1 27. Rxe1 Rc8 28. Nd5 Rxc4 29.
Rxe2 Rd4 30. Nc3 1-0

[Event "*** Titled Tuesday 3|2 Blitz (Early)"]
[Site "Chess.com"]
[Date "2017.01.03"]
[Round "4"]
[White "Haykos"]
[Black "VerdeNotte"]
[Result "1-0"]
[WhiteElo "2427"]
[BlackElo "2569"]
[TimeControl "180+2"]
[EndTime "11:48:21 PST"]
[Termination "Haykos won by resignation"]

1. e4 d6 2. d4 Nf6 3. Nc3 g6 4.
Nf3 Bg7 5. h3 O-O 6. Be3 a6 7.
a4 b6 8. Bc4 e6 9. O-O Nc6 10.
d5 exd5 11. exd5 Nb4 12. Qd2 Bb7 13. Rfe1 Re8 14. Rad1 a5 15. Bd4 Rxe1+ 16. Rxe1 Qf8 17. Ng5 Re8 18. Nge4 Nxe4 19. Nxe4 Re7 20. Bxg7 Qxg7 21.
c3 f5 22. Ng5 Na6 23. Ne6 Qf6 24. b4 Bc8 25. Bxa6 Bxa6 26. bxa5 bxa5 27. c4 Bc8 28. Qxa5 Bxe6 29. dxe6 Rxe6 30. Qd5 Kf7 31. a5 c6 32.
Qxe6+ Qxe6 33. Rxe6 Kxe6 34. a6 1-0

[Event "*** Titled Tuesday 3|2 Blitz (Early)"]
[Site "Chess.com"]
[Date "2017.01.03"]
[Round "4"]
[White "ZhuChenChess"]
[Black "Andrejkin"]
[Result "0-1"]
[WhiteElo "2322"]
[BlackElo "2191"]
[TimeControl "180+2"]
[EndTime "11:48:22 PST"]
[Termination "Andrejkin won by resignation"]

1. d4 Nf6 2. c4 e6 3. Nf3 b6 4. g3 Bb7 5. Bg2 Be7 6. O-O O-O 7.
Nc3 Ne4 8. Bd2 Nxd2 9. Qxd2 d5 10. cxd5 exd5 11. Ne5 Nd7 12. Nd3 c6 13. b4 Nf6 14.
a4 Ne4 15. Nxe4 dxe4 16. Nf4 g5 17. Nh5 f5 18. g4 c5 19. bxc5 bxc5 20. gxf5 Qxd4 21.
Rad1 Qxd2 22. Rxd2 Rad8 23. Rfd1 Bc6 24. f6 Rxd2 25.
Rxd2 Rd8 26. Rxd8+ Bxd8 27. a5 c4 28. Kf1 c3 29.
Ke1 c2 30. Kd2 e3+ 31. fxe3 Bxa5+ 32. Kxc2 Bxg2 33. Kd3 Kf7 34. e4 Bb6 35. e5 a5 36.
Ng7 a4 37. Nf5 a3 38. Kc3 a2 39. Kb2 Ke6 40. Kxa2 Bd5+ 0-1

[Event "*** Titled Tuesday 3|2 Blitz (Early)"]
[Site "Chess.com"]
[Date "2017.01.03"]
[Round "4"]
[White "pKiLz5Rn9b"]
[Black "Corpescador"]
[Result "1-0"]
[WhiteElo "2492"]
[BlackElo "2436"]
[TimeControl "180+2"]
[EndTime "11:48:25 PST"]
[Termination "pKiLz5Rn9b won by resignation"]

1. e4 c5 2. c3 d5 3. exd5 Qxd5 4.
d4 Nc6 5. Nf3 cxd4 6. cxd4 e5 7.
Nc3 Bb4 8. Bd2 Bxc3 9. Bxc3 e4 10. Ne5 Nxe5 11. dxe5 Ne7 12. Be2 O-O 13. O-O Bf5 14.
Qa4 Qe6 15. Rfd1 Nc6 16. Rd6 Qe7 17. Qb5 Rab8 18. Rad1 Rfe8 19. h3 Be6 20. a3 Qg5 21. Kh1 Qh4 22. Qc5 h6 23. Qe3 Bf5 24. b4 a6 25. Ba1 Re7 26. Rc1 Rbe8 27. Bxa6 Nxb4 28. axb4 bxa6 29. Rxa6 Rd7 30. Rd6 Rb7 31. Qc3 Qxf2 32. e6 f6 33. Qc4 Rbe7 34. Rf1 Qa7 35. Bxf6 Rxe6 36. Rxf5 gxf6 37. Rxe6 Rd8 1-0

[Event "*** Titled Tuesday 3|2 Blitz (Early)"]
[Site "Chess.com"]
[Date "2017.01.03"]
[Round "4"]
[White "pastouche06"]
[Black "QuintilianoR"]
[Result "0-1"]
[WhiteElo "2339"]
[BlackElo "2537"]
[TimeControl "180+2"]
[EndTime "11:48:26 PST"]
[Termination "QuintilianoR won by resignation"]

1. d4 d5 2. c4 e6 3. Nc3 c6 4. e3 Nd7 5. cxd5 exd5 6. Bd3 Ngf6 7. Nge2 Bd6 8. f3 O-O 9. O-O c5 10. Qe1 Re8 11. Bd2 a6 12. Qh4 b5 13. dxc5 Nxc5 14. Bc2 Bb7 15. Nd4 Ne6 16. Nce2 Nf8 17.
Nf5 Ng6 18. Qf2 Bc5 19. Rac1 Qb6 20. Ned4 b4 21. Qg3 Bc8 22. Kh1 Bxf5 23. Nxf5 Bf8 24.
Bd3 Kh8 25. h4 Ne5 26. Bb1 Nc4 27. Qf2 Nxb2 28. e4 Qxf2 29. Rxf2 dxe4 0-1

[Event "*** Titled Tuesday 3|2 Blitz (Early)"]
[Site "Chess.com"]
[Date "2017.01.03"]
[Round "4"]
[White "Quiet_Desperation"]
[Black "hsskoo"]
[Result "1-0"]
[WhiteElo "2361"]
[BlackElo "1911"]
[TimeControl "180+2"]
[EndTime "11:48:26 PST"]
[Termination "Quiet_Desperation won on time"]

1. e4 e5 2. Nf3 Nc6 3. Bb5 Bc5 4.
O-O a6 5. Ba4 b5 6. Bb3 Nf6 7.
d3 h6 8. c3 O-O 9. h3 d6 10.
Nbd2 Ne7 11. Re1 Ng6 12. Nf1 Bb7 13. Ng3 Bb6 14. Nf5 c5 15. Bc2 Bc8 16. Be3 Re8 17.
Qd2 Bxf5 18. exf5 Ne7 19. g4 Ned5 20. Bxh6 gxh6 21. Qxh6 Nh7 22. g5 Kh8 23. d4 Rg8 24. h4 e4 25. Bxe4 Nf6 26. Kf1 Ng4 27. Qh5 Nf6 28.
gxf6 Qxf6 29. Bxa8 1-0

[Event "*** Titled Tuesday 3|2 Blitz (Early)"]
[Site "Chess.com"]
[Date "2017.01.03"]
[Round "4"]
[White "Th3ChessViking"]
[Black "Zlatan56"]
[Result "0-1"]
[WhiteElo "2418"]
[BlackElo "2669"]
[TimeControl "180+2"]
[EndTime "11:48:36 PST"]
[Termination "Zlatan56 won by checkmate"]

1. c4 g6 2. g3 Bg7 3. Bg2 Nf6 4.
Nc3 O-O 5. Nf3 d6 6. O-O Nc6 7. d3 e5 8. Rb1 a5 9. a3 Nd4 10. Bg5 Ne6 11. Bxf6 Bxf6 12. b4 axb4 13. axb4 Bg7 14. b5 f5 15. Nd5 f4 16. Nd2 Ng5 17.
Ne4 Nh3+ 18. Kh1 Bf5 19. Bf3 Qd7 20. e3 fxg3 21. fxg3 Ra2 22. Ndc3 Ra3 23. Ra1 Rxa1 24. Qxa1 c6 25. bxc6 bxc6 26. Qa3 d5 27. cxd5 cxd5 28.
Nxd5 Kh8 29. Qb3 Be6 30. Nec3 Bg4 31. Bg2 Rxf1+ 32. Bxf1 Qf7 33. Bg2 Nf2+ 34. Kg1 Nxd3 35. Qb8+ Bf8 36. Qd8 Qf2+ 37. Kh1 Qe1+ 38. Bf1 Qxf1# 0-1

[Event "*** Titled Tuesday 3|2 Blitz (Early)"]
[Site "Chess.com"]
[Date "2017.01.03"]
[Round "4"]
[White "Mischuk_D"]
[Black "Pierrebl"]
[Result "1-0"]
[WhiteElo "2459"]
[BlackElo "2477"]
[TimeControl "180+2"]
[EndTime "11:48:43 PST"]
[Termination "Mischuk_D won on time"]

1. d4 Nf6 2. c4 g6 3. Nc3 Bg7 4.
e4 O-O 5. Be2 d6 6. Be3 Nbd7 7.
h3 e5 8. d5 a5 9. Nf3 Nh5 10.
g3 Qe8 11. Nh4 Nhf6 12. Qc2 Nc5 13. O-O-O Nfd7 14. g4 Na6 15. a3 Ndc5 16. Kb1 Bd7 17. Nb5 Qe7 18. Nf3 f5 19. gxf5 gxf5 20. Nd2 Kh8 21. Rhg1 c6 22. Nc3 f4 23. Bxc5 Nxc5 24.
Bg4 Be8 25. Nb3 Nd7 26. Bf5 a4 27. Nc1 Bh5 28. Bg4 Bg6 29. f3 Nc5 30. Nd3 Nb3 31.
Qf2 Nd4 32. h4 b5 33. dxc6 bxc4 34. Nb4 Rab8 35. Ncd5 Qa7 36. c7 Rbe8 37. h5 Bf7 38. c8=Q Rxc8 39. Bxc8 Rxc8 40. h6 Bxh6 41. Qh4 Bg7 42.
Rxg7 Kxg7 43. Qf6+ Kf8 44. Qxd6+ Kg7 45. Rg1+ Bg6 46.
Qf6+ Kg8 47. Ne7+ Qxe7 48. Qxe7 Nxf3 49. Rxg6+ hxg6 50. Qe6+ Kg7 51. Qxc8 Nd2+ 52. Kc2 Nxe4 53. Qe6 Nf6 54. Qe7+ Kh6 55. Qxf6 1-0

[Event "*** Titled Tuesday 3|2 Blitz (Early)"]
[Site "Chess.com"]
[Date "2017.01.03"]
[Round "4"]
[White "Rozum_Ivan"]
[Black "pedromartinez91"]
[Result "0-1"]
[WhiteElo "2552"]
[BlackElo "2334"]
[TimeControl "180+2"]
[EndTime "11:48:43 PST"]
[Termination "pedromartinez91 won by resignation"]

1. e4 c5 2. Nc3 Nc6 3. g3 g6 4.
Bg2 Bg7 5. d3 d6 6. f4 Nf6 7.
Nf3 O-O 8. h3 e5 9. O-O Nh5 10.
Qe1 exf4 11. gxf4 Nd4 12. Nxd4 Bxd4+ 13. Kh1 f5 14. Ne2 Bg7 15. Ng3 Qh4 16. Nxh5 Qxh5 17. Qg3 Bd7 18. Bd2 Bc6 19. Bc3 Bxc3 20. bxc3 Rae8 21.
Rae1 Qh6 22. c4 Kh8 23. Re2 Re7 24. c3 fxe4 25. Bxe4 Qg7 26. Qe1 Rfe8 27. Rff2 Qh6 28. Kh2 Qh4 29. Re3 Kg7 30. Qe2 Bxe4 31. Rxe4 Rxe4 32.
dxe4 Rxe4 33. Qf3 Qe7 34. f5 Qe5+ 35. Kh1 Qxf5 36. Qg3 Qe5 37. Qf3 Qf5 38. Qg3 Re1+ 39. Kg2 Qe4+ 40. Rf3 Re3 0-1

[Event "*** Titled Tuesday 3|2 Blitz (Early)"]
[Site "Chess.com"]
[Date "2017.01.03"]
[Round "4"]
[White "Goala"]
[Black "FearlessKing64"]
[Result "0-1"]
[WhiteElo "2157"]
[BlackElo "2071"]
[TimeControl "180+2"]
[EndTime "11:48:43 PST"]
[Termination "FearlessKing64 won by checkmate"]

1. d4 Nf6 2. c4 g6 3. Nc3 d5 4.
cxd5 Nxd5 5. e4 Nxc3 6. bxc3 Bg7 7. Be3 c5 8. Qd2 Qa5 9. Rb1 a6 10. Rc1 cxd4 11. cxd4 Qxd2+ 12. Kxd2 O-O 13. Nf3 Rd8 14. Bd3 Bg4 15. d5 e6 16. Bb6 Re8 17. Rc7 exd5 18. exd5 Nd7 19. Rxb7 Nxb6 20. Rxb6 Rac8 21. Rc6 Rcd8 22.
Bc4 Re4 23. Kc2 Bf5 24. Kb3 Rb8+ 25. Ka4 Bd7 26. Rc1 Bf8 27. Ka5 Bxc6 28. dxc6 Bb4+ 29.
Kxa6 Re7 30. Nd4 Kg7 31. a4 Bc5 32. Nb3 Ra7# 0-1

[Event "*** Titled Tuesday 3|2 Blitz (Early)"]
[Site "Chess.com"]
[Date "2017.01.03"]
[Round "4"]
[White "Firebullet"]
[Black "sandropozo"]
[Result "0-1"]
[WhiteElo "2297"]
[BlackElo "2413"]
[TimeControl "180+2"]
[EndTime "11:48:44 PST"]
[Termination "sandropozo won by checkmate"]

1. d4 d5 2. c4 c6 3. Nf3 Nf6 4.
Qb3 dxc4 5. Qxc4 Bg4 6. Nc3 Nbd7 7. e4 Bxf3 8. gxf3 e5 9. Be3 exd4 10. Bxd4 Bd6 11.
O-O-O Qe7 12. Bh3 Ne5 13. Qe2 Nh5 14. Be3 Ng6 15. Qd2 Rd8 16. Bg4 Nf6 17. Kb1 O-O 18.
Bg5 h6 19. Bxf6 Qxf6 20. Qc2 Be5 21. Qb3 b5 22. Ne2 a5 23. Ng3 a4 24. Qb4 Nf4 25.
Nf5 Nd3 26. Rxd3 Rxd3 27. Ne7+ Kh7 28. Nxc6 Re8 29. Nxe5 Qxe5 30. Rc1 Red8 31. a3 Rb3 32. f4 Qxb2# 0-1

[Event "*** Titled Tuesday 3|2 Blitz (Early)"]
[Site "Chess.com"]
[Date "2017.01.03"]
[Round "4"]
[White "Iball95"]
[Black "Fibrinogen"]
[Result "1-0"]
[WhiteElo "2456"]
[BlackElo "2280"]
[TimeControl "180+2"]
[EndTime "11:48:48 PST"]
[Termination "Iball95 won by resignation"]

1. e4 e5 2. Nf3 Nc6 3. Nc3 Nf6 4.
Bb5 Bd6 5. d3 a6 6. Bc4 b5 7.
Bb3 O-O 8. g4 Na5 9. g5 Ne8 10.
Be3 Nxb3 11. axb3 c6 12. h4 f5 13. gxf6 Nxf6 14. Rg1 Kh8 15. Ne2 Bc7 16. Ng3 d5 17. Qe2 Qe8 18. Bc5 Rg8 19. Ng5 h6 20. Nf5 Bxf5 21.
exf5 Qh5 22. Ne6 Qxe2+ 23. Kxe2 Bd8 24. Rg6 Nd7 25. Be3 Nf8 26. Nxd8 Rxd8 27. Rxc6 d4 28. Bd2 Nd7 29. Rcxa6 Rgf8 30. Rd6 Nf6 31. Rxd8 Rxd8 32. Ra5 Rc8 33. Kd1 Rb8 34. Bb4 e4 35. Bd6 Rd8 36.
Be5 Rd5 37. Bxf6 gxf6 38. dxe4 Re5 39. f3 1-0

[Event "*** Titled Tuesday 3|2 Blitz (Early)"]
[Site "Chess.com"]
[Date "2017.01.03"]
[Round "4"]
[White "GrigorGrigorov"]
[Black "danir29"]
[Result "1-0"]
[WhiteElo "2495"]
[BlackElo "2449"]
[TimeControl "180+2"]
[EndTime "11:48:53 PST"]
[Termination "GrigorGrigorov won by resignation"]

1. Nf3 Nf6 2. d4 e6 3. e3 b6 4.
c4 Bb7 5. Bd3 d5 6. O-O Nbd7 7.
b3 Bd6 8. Bb2 O-O 9. Nc3 a6 10.
Re1 Ne4 11. Qc2 f5 12. Ne2 Qf6 13. c5 bxc5 14. dxc5 Ne5 15. cxd6 Nxf3+ 16. gxf3 Qg6+ 17. Ng3 Ng5 18. Be2 cxd6 19. Qc7 Rf7 20. Qxd6 f4 21. exf4 Nh3+ 22. Kf1 Nxf4 23. Be5 Nxe2 24. Rxe2 d4 25. Qxd4 Bxf3 26. Rd2 Raf8 27. Rc1 Qh6 28. h4 Bd5 29.
Rc7 Rxc7 30. Bxc7 Rc8 31. Rc2 Qg6 32. Rc1 Qh6 33. Qf4 Qg6 34. Be5 Qd3+ 35. Kg1 Rxc1+ 36. Qxc1 Qf3 37. Qc8+ Kf7 38. Qd7+ Kf8 39. Bd6+ Kg8 40. Qe8+ 1-0

[Event "*** Titled Tuesday 3|2 Blitz (Early)"]
[Site "Chess.com"]
[Date "2017.01.03"]
[Round "4"]
[White "chesswooog"]
[Black "alturas_pacificas"]
[Result "1-0"]
[WhiteElo "2149"]
[BlackElo "2032"]
[TimeControl "180+2"]
[EndTime "11:48:54 PST"]
[Termination "chesswooog won on time"]

1. e4 g6 2. d4 Bg7 3. c4 d6 4.
Nc3 Nd7 5. f4 e5 6. fxe5 dxe5 7.
d5 Nh6 8. Nf3 O-O 9. Bd3 Nc5 10.
O-O f6 11. h3 Nf7 12. Bc2 a5 13. Be3 b6 14. Qd2 Nd6 15. b3 Na6 16. Rad1 f5 17.
Bh6 f4 18. Bxg7 Kxg7 19. Nxe5 Bxh3 20. Rxf4 Bc8 21. Rxf8 Qxf8 22. Rf1 Qe7 23. Nc6 Qh4 24. e5 Ne8 25. e6 Bb7 26. Rf7+ Kg8 27. Ne7+ Kh8 28.
Ne4 Ng7 29. Qc3 Qh6 30. g4 Rg8 31. g5 Qh4 32. Nxg8 Qg4+ 33. Kf2 Qh4+ 34. Kg2 Qg4+ 35. Ng3 1-0